 Dungeon Crawl Stone Soup version 0.30-a0-800-g7c544603b3 (webtiles) character file.

Game seed: 3375512810986397078

48 Aneyh the Poker (level 3, 0/23 HPs)
             Began as a Tengu Monk on Feb 22, 2023.
             Slain by Terence
             ... wielding a +0 flail
              (7 damage)
             ... on level 2 of the Dungeon.
             The game lasted 00:01:48 (1159 turns).

Aneyh the Poker (Tengu Monk)                        Turns: 1159, Time: 00:01:49

Health: 0/23       AC:  4    Str: 13    XL:     3   Next: 72%
Magic:  4/4        EV: 13    Int: 10    God:
Gold:   85         SH:  0    Dex: 16    Spells: 2/2 levels left

rFire   . . .      SeeInvis .    a - +0 spear
rCold   . . .      Faith    .    (no shield)
rNeg    . . .      Spirit   .    i - +0 robe
rPois   .          Reflect  .    (helmet restricted)
rElec   .          Harm     .    h - +0 cloak
rCorr   .          Rampage  .    g - +0 pair of gloves
Will    .....                    (boots unavailable)
Stlth   +                        (no amulet)
HPRegen 0.23/turn                (no ring)
MPRegen 0.09/turn                (no ring)

@: confused, ambrosia-drunk
A: beak, talons 3
a: no special abilities


You were on level 2 of the Dungeon.
You visited 1 branch of the dungeon, and saw 2 of its levels.

You collected 85 gold pieces.

Inventory:

Hand Weapons
 a - a +0 spear (weapon)
 b - a +0 arbalest
 m - a +3 dagger of venom
Missiles
 l - 3 poisoned darts (quivered)
Armour
 g - a +0 pair of gloves (worn)
 h - a +0 cloak (worn)
 i - a +0 robe (worn)
Scrolls
 d - a scroll of brand weapon {unknown}
 e - 4 scrolls of identify {unknown}
 j - a scroll of teleportation {unknown}
Potions
 f - a potion of attraction {unknown}
 k - a potion of haste {unknown}
 n - 2 potions of lignification {unknown}


   Skills:
 - Level 3.0 Fighting
 + Level 5.0 Polearms
 - Level 3.2 Dodging
 - Level 2.0 Stealth


You had 2 spell levels left.
You didn't know any spells.
Your spell library contained the following spells:

 Spells                   Type           Power      Damage    Failure   Level
 Apportation              Tloc           0%         N/A       36%         1
 Beastly Appendage        Tmut           0%         N/A       36%         1
 Slow                     Hex            0%         N/A       36%         1
 Confusing Touch          Hex            0%         N/A       75%         3
 Ignite Poison            Fire/Tmut/Pois 0%         N/A       75%         3
 Vampiric Draining        Necr           0%         2d6       75%         3
 Ice Form                 Ice/Tmut       0%         N/A       98%         4
 Alistair's Intoxication  Tmut/Pois      0%         N/A       100%        5
 Storm Form               Tmut/Air       0%         N/A       100%        7


Dungeon Overview and Level Annotations

Branches:
Dungeon (2/15)

Altars:

Annotations:
D:2 Terence


Innate Abilities, Weirdness & Mutations

You have a beak for a mouth.
You have claws for feet.


Message History

You shoot a bolt. The bolt closely misses Terence.
You shoot a bolt. The bolt hits Terence.
Terence is moderately wounded.
Terence hits you with a +0 flail. Terence closely misses you.
a - a +0 spear (weapon)
Terence hits you with a +0 flail!
You hit Terence but do no damage. You claw Terence, but do no damage.
Terence is moderately wounded.
You hit Terence but do no damage. You claw Terence.
You peck Terence, but do no damage.
Terence is heavily wounded.
Terence closely misses you.
You hit Terence but do no damage. Your peck misses Terence.
Terence is heavily wounded.
Terence barely misses you.
You closely miss Terence.
Terence is heavily wounded.
Terence barely misses you.
You hit Terence but do no damage. You claw Terence.
Terence is heavily wounded.
Terence hits you with a +0 flail.
You hit Terence but do no damage. You claw Terence, but do no damage.
You peck Terence, but do no damage.
Terence is heavily wounded.
You hit Terence.
Terence is heavily wounded.
Terence barely misses you.
You hit Terence. You claw Terence.
Terence is almost dead.
Terence says, "You're history."
Terence hits you with a +0 flail.
* * * LOW HITPOINT WARNING * * *
You are confused.
You feel invigorated.
Terence zaps a wand.
The puff of flame hits you!
* * * LOW HITPOINT WARNING * * *
You bump into the rock wall.
Terence looks scornfully at you. Terence barely misses you.
Terence attacks as you move away! Terence hits you with a +0 flail!
You die...

.............>..
######.######.##
#........#
######.#####..#
.....###
#..######
........
#.......# .....#
#.)####.# .....#
#.....# .....#
##.##@# .....#
#.....@...#
.....#
#.....#.#....
.....# ##.####.#
#. .....#.. ....
. .....#.. ###.#
## ....##.. ..
###.##.# #..#.#
#.#


You could see Terence.

Vanquished Creatures
  An adder (D:2)
  A dart slug (D:1)
  3 ball pythons (D:2)
  4 endoplasms
  4 giant cockroaches
  5 goblins
  4 hobgoblins
  2 bats (D:1)
  3 frilled lizards
  3 kobolds (D:1)
  4 rats
34 creatures vanquished.

Notes
Turn   | Place    | Note
-------+----------+-------------------------------------------
     0 | D:1      | Aneyh the Tengu Monk began the quest for the Orb.
     0 | D:1      | Reached XP level 1. HP: 14/14 MP: 2/2
   170 | D:1      | Reached XP level 2. HP: 16/19 MP: 3/3
   172 | D:1      | Reached skill level 4 in Polearms
   840 | D:2      | Reached XP level 3. HP: 22/23 MP: 4/4
   940 | D:2      | Got the Spellbook of Shaping
  1085 | D:2      | Reached skill level 5 in Polearms
  1144 | D:2      | Noticed Terence
  1157 | D:2      | HP: 1/23 [Terence/puff of flame (8)]
  1159 | D:2      | Slain by Terence

Illustrated notes

Levels and vault maps discovered:
D:1:      shiori_arrival_elements, layout_loops_ring, roderic_serpentine_path,
          minmay_ruptured
D:2:      layout_basic, minmay_circled_x, uniq_terence

Skill      XL: |  1  2  3 |
---------------+----------+-----
Polearms       | 4 5 |  5.0
Fighting       | |  3.0
Dodging        | |  3.2
Stealth        | |  2.0

Action                     || total
---------------------------++-------
  Melee: Spear             ||    69
         Peck              ||     8
         Kick              ||    16
         Punch             ||     1
   Fire: Arbalest          ||    10
    Use: Potion            ||     1
   Stab: Sleeping          ||     5
 Armour: Robe              ||     4
  Dodge: Dodged            ||    22

Table legend: (Time is in decaauts)
 A = Elapsed time spent in this place.
 B = Non-inter-level travel time spent in this place.
 C = Inter-level travel time spent in this place.
 D = Time resting spent in this place.
 E = Time spent auto-exploring this place.
 F = Levels seen in this place.
 G = Mean time per level.
                   A        B        C        D        E       F      G
               +--------+--------+--------+--------+--------+-----+--------+
         Total |   1158 |   1153 |      5 |     22 |    908 |   2 |  579.0 |
       Dungeon |   1158 |   1153 |      5 |     22 |    908 |   2 |  579.0 |
               +--------+--------+--------+--------+--------+-----+--------+

Top non-repeatable levels by time:
     D:1: 710 daAuts
     D:2: 448 daAuts
